SNL (28 & UNDER)
MONTGOMERY BISCUITS @ WICHITA WRANGLERS
05/03/2028
 
TOP OF THE 1ST
Montgomery Biscuits batting - Pitching for Wichita Wranglers : LHP Marcos Flores
Pitching: LHP Marcos Flores
Batting: SHB Lawrence Farley 0-0: Called Strike
0-1: Ball
1-1: Ball
2-1: Foul Ball, location: 2F
2-2: Strikes out swinging
Batting: LHB António Fernández 0-0: Called Strike
0-1: Swinging Strike
0-2: Strikes out swinging
Batting: RHB Jerry Johnston 0-0: Swinging Strike
0-1: Called Strike
0-2: Strikes out swinging
Top of the 1st over - 0 run(s), 0 hit(s), 0 error(s), 0 left on base; Montgomery 0 - Wichita 0
BOTTOM OF THE 1ST
Wichita Wranglers batting - Pitching for Montgomery Biscuits : RHP Jorge Gonzáles
Pitching: RHP Jorge Gonzáles
Batting: RHB José López 0-0: Ball
1-0: Fly out, F7 (Flyball, 78M)
Batting: SHB Wayne Matthews 0-0: Ball
1-0: SINGLE (Line Drive, 9LS)
Batting: SHB Juan Glaviz 0-0: Foul Ball, location: 2F
0-1: Ball
1-1: Ball
2-1: Foul Ball, location: 2F
2-2: Hit by Pitch
Wayne Matthews to second
Batting: RHB Félix Gonzáles 0-0: Foul Ball, location: 2F
0-1: Ball
1-1: Ball
2-1: Ball
3-1: Base on Balls
Wayne Matthews to third
Juan Glaviz to second
Batting: LHB Richard Hinkle 0-0: Called Strike
0-1: Foul Ball, location: 2F
0-2: Ball
1-2: Strikes out swinging
Batting: RHB Oliver Todd 0-0: SINGLE (Line Drive, 78M)
Wayne Matthews scores
Juan Glaviz to third
Félix Gonzáles to second
Runner from 3rd tries for Home, SAFE, no throw
Batting: RHB Hubert MacDonald 0-0: Ball
1-0: Called Strike
1-1: Ball
2-1: Ball
3-1: Base on Balls
Félix Gonzáles to third
Oliver Todd to second
Batting: RHB Rusty Bennett 0-0: Ball
1-0: Called Strike
1-1: Fly out, F9 (Flyball, 9)
Bottom of the 1st over - 2 run(s), 2 hit(s), 0 error(s), 3 left on base; Montgomery 0 - Wichita 2
TOP OF THE 2ND
Montgomery Biscuits batting - Pitching for Wichita Wranglers : LHP Marcos Flores
Batting: RHB Bob McDonald 0-0: Called Strike
0-1: Fly out, F9 (Flyball, 9LM)
Batting: SHB Jack Estes 0-0: Ball
1-0: Fly out, F7 (Flyball, 7LS)
Batting: RHB Bryant von Bohlen 0-0: SINGLE (Flyball, 9S)
Batting: RHB Rusty Downy 0-0: Ball
1-0: Called Strike
1-1: Ball
Wild Pitch!
Bryant von Bohlen to second
2-1: Ball
3-1: 2-RUN HOME RUN (Flyball, 7LD), Distance : 349 ft
Batting: RHB Glen MacDonald 0-0: Foul Ball, location: 2F
0-1: Ball
1-1: Ball
2-1: Foul Ball, location: 2F
2-2: Strikes out swinging
Top of the 2nd over - 2 run(s), 2 hit(s), 0 error(s), 0 left on base; Montgomery 2 - Wichita 2
BOTTOM OF THE 2ND
Wichita Wranglers batting - Pitching for Montgomery Biscuits : RHP Jorge Gonzáles
Batting: SHB Lewis Woods 0-0: Ball
1-0: Swinging Strike
1-1: Foul Ball, location: 2F
1-2: Strikes out swinging
Batting: RHB José López 0-0: Foul Ball, location: 2F
0-1: SINGLE (Groundball, 6MD)
Batting: SHB Wayne Matthews 0-0: Ball
1-0: Ball
José López steals 2nd base
2-0: Called Strike
José López steals 3rd base
2-1: Fly out, F7 (Flyball, 78M)
Runner from 3rd tags up, SCORES, no throw
Batting: SHB Juan Glaviz 0-0: Ball
1-0: Ground out U3 (Groundball, 3S)
Bottom of the 2nd over - 1 run(s), 1 hit(s), 0 error(s), 0 left on base; Montgomery 2 - Wichita 3
TOP OF THE 3RD
Montgomery Biscuits batting - Pitching for Wichita Wranglers : LHP Marcos Flores
Batting: RHB Dave Roberts 0-0: Ball
1-0: Ground out 5-3 (Groundball, 5L)
Batting: SHB Lawrence Farley 0-0: Ball
1-0: Ball
2-0: Ball
3-0: Called Strike
3-1: DOUBLE (Flyball, 8RD)
Batting: LHB António Fernández 0-0: Ball
1-0: Ball
2-0: Called Strike
2-1: Called Strike
2-2: Foul Ball, location: 2F
2-2: SINGLE (Line Drive, 6MD)
Lawrence Farley to third
Batting: RHB Jerry Johnston 0-0: Called Strike
0-1: Called Strike
0-2: Strikes out looking
Batting: RHB Bob McDonald Balk!
Lawrence Farley scores
António Fernández to second
0-0: Swinging Strike
0-1: Foul Ball, location: 2F
0-2: Ball
1-2: Ball
2-2: Ball
3-2: Strikes out swinging
Top of the 3rd over - 1 run(s), 2 hit(s), 0 error(s), 1 left on base; Montgomery 3 - Wichita 3
BOTTOM OF THE 3RD
Wichita Wranglers batting - Pitching for Montgomery Biscuits : RHP Jorge Gonzáles
Batting: RHB Félix Gonzáles 0-0: Foul Ball, location: 2F
0-1: Swinging Strike
0-2: Ball
1-2: Ball
2-2: Strikes out looking
Batting: LHB Richard Hinkle 0-0: Ball
1-0: Called Strike
1-1: Fly out, F3 (Popup, 3L)
Batting: RHB Oliver Todd 0-0: Ball
1-0: Called Strike
1-1: Swinging Strike
1-2: Strikes out swinging
Bottom of the 3rd over - 0 run(s), 0 hit(s), 0 error(s), 0 left on base; Montgomery 3 - Wichita 3
TOP OF THE 4TH
Montgomery Biscuits batting - Pitching for Wichita Wranglers : LHP Marcos Flores
Batting: SHB Jack Estes 0-0: Swinging Strike
0-1: Foul Ball, location: 2F
0-2: Foul Ball, location: 2F
0-2: Ground out 6-3 (Groundball, 6D)
Batting: RHB Bryant von Bohlen 0-0: Ball
1-0: Called Strike
1-1: Fly out, F9 (Flyball, 9S)
Batting: RHB Rusty Downy 0-0: Ball
1-0: Called Strike
1-1: Ball
2-1: Swinging Strike
2-2: Ball
3-2: SINGLE (Flyball, 78S)
Batting: RHB Glen MacDonald 0-0: Called Strike
0-1: Fielders Choice at 2nd, 6-4 (Groundball, 6)
Top of the 4th over - 0 run(s), 1 hit(s), 0 error(s), 0 left on base; Montgomery 3 - Wichita 3
BOTTOM OF THE 4TH
Wichita Wranglers batting - Pitching for Montgomery Biscuits : RHP Jorge Gonzáles
Batting: RHB Hubert MacDonald 0-0: Called Strike
0-1: Ball
1-1: Ball
2-1: Ground out 1-3 (Groundball, 15S)
Batting: RHB Rusty Bennett 0-0: Ball
1-0: Ball
2-0: Ball
3-0: Base on Balls
Batting: SHB Lewis Woods 0-0: Ball
1-0: Swinging Strike
1-1: Swinging Strike
1-2: Ball
2-2: Strikes out looking
Batting: RHB José López 0-0: Called Strike
0-1: Ball
1-1: Ball
2-1: Swinging Strike
2-2: Reached on error, E9 (Flyball, 89M)
Rusty Bennett to third
Batting: SHB Wayne Matthews 0-0: Intentional Walk
Pitching: RHP Gabriel Oliuo
Batting: SHB Juan Glaviz 0-0: SINGLE (Groundball, 4D)
Rusty Bennett scores
José López to third
Wayne Matthews to second
Runner from 3rd tries for Home, SAFE, no throw
Batting: RHB Félix Gonzáles 0-0: Fly out, F6 (Line Drive, 6M)
Bottom of the 4th over - 2 run(s), 1 hit(s), 1 error(s), 2 left on base; Montgomery 3 - Wichita 5
TOP OF THE 5TH
Montgomery Biscuits batting - Pitching for Wichita Wranglers : LHP Marcos Flores
Batting: RHB Dave Roberts 0-0: Ball
1-0: DOUBLE (Line Drive, 7LM)
Batting: SHB Lawrence Farley 0-0: Foul Ball, location: 2F
0-1: Called Strike
0-2: SINGLE (Groundball, 56D)
Dave Roberts to third
Runner from 3rd tries for Home, SAFE, no throw
Batting: LHB António Fernández 0-0: Called Strike
0-1: Ball
1-1: Fly out, F9 (Flyball, 9S)
Batting: RHB Jerry Johnston 0-0: Fielders Choice at 2nd, 4-6 (Groundball, 4MD)
Batting: RHB Bob McDonald Pickoff Throw to First - Error! E1
Jerry Johnston to second
0-0: SINGLE (Groundball, 4S) (infield hit)
Jerry Johnston to third
Batting: SHB Jack Estes 0-0: Ball
1-0: Ball
2-0: Foul Ball, location: 2F
2-1: SINGLE (Groundball, 6MD)
Jerry Johnston scores
Bob McDonald to second
Batting: RHB Bryant von Bohlen 0-0: DOUBLE (Line Drive, 7LD)
Bob McDonald scores
Jack Estes to third
Runner from 3rd tries for Home, throw and OUT!
Top of the 5th over - 3 run(s), 5 hit(s), 1 error(s), 1 left on base; Montgomery 6 - Wichita 5
BOTTOM OF THE 5TH
Wichita Wranglers batting - Pitching for Montgomery Biscuits : RHP Gabriel Oliuo
Batting: LHB Richard Hinkle 0-0: Ball
1-0: Called Strike
1-1: Ball
2-1: Swinging Strike
2-2: Ground out 4-3 (Groundball, 34)
Batting: RHB Oliver Todd 0-0: Fly out, F6 (Popup, 5D)
Batting: RHB Hubert MacDonald 0-0: Ground out 1-3 (Groundball, P)
Bottom of the 5th over - 0 run(s), 0 hit(s), 0 error(s), 0 left on base; Montgomery 6 - Wichita 5
TOP OF THE 6TH
Montgomery Biscuits batting - Pitching for Wichita Wranglers : LHP Marcos Flores
Pitching: LHP Fred Villa
Batting: RHB Rusty Downy 0-0: Foul Ball, location: 2F
0-1: Ball
1-1: Swinging Strike
1-2: Strikes out swinging
Batting: RHB Glen MacDonald 0-0: Called Strike
0-1: Ball
1-1: Fly out, F3 (Popup, 3)
Batting: RHB Dave Roberts 0-0: Called Strike
0-1: Foul Ball, location: 2F
0-2: Foul Ball, location: 2F
0-2: Strikes out looking
Top of the 6th over - 0 run(s), 0 hit(s), 0 error(s), 0 left on base; Montgomery 6 - Wichita 5
BOTTOM OF THE 6TH
Wichita Wranglers batting - Pitching for Montgomery Biscuits : RHP Gabriel Oliuo
Batting: RHB Rusty Bennett 0-0: Foul Ball, location: 2F
0-1: Foul Ball, location: 2F
0-2: Ball
1-2: Ball
2-2: Ball
3-2: Fly out, F9 (Line Drive, 9S)
Batting: SHB Lewis Woods 0-0: Ball
1-0: Ball
2-0: Foul Ball, location: 2F
2-1: Swinging Strike
2-2: Strikes out swinging
Batting: RHB José López 0-0: Called Strike
0-1: Ground out 4-3 (Groundball, 4MS)
Bottom of the 6th over - 0 run(s), 0 hit(s), 0 error(s), 0 left on base; Montgomery 6 - Wichita 5
TOP OF THE 7TH
Montgomery Biscuits batting - Pitching for Wichita Wranglers : LHP Fred Villa
Batting: SHB Lawrence Farley 0-0: Called Strike
0-1: Called Strike
0-2: Ground out 6-3 (Groundball, 6)
Batting: LHB António Fernández 0-0: Called Strike
0-1: Foul Ball, location: 2F
0-2: Strikes out swinging
Batting: RHB Jerry Johnston 0-0: Swinging Strike
0-1: Swinging Strike
0-2: Strikes out swinging
Top of the 7th over - 0 run(s), 0 hit(s), 0 error(s), 0 left on base; Montgomery 6 - Wichita 5
BOTTOM OF THE 7TH
Wichita Wranglers batting - Pitching for Montgomery Biscuits : RHP Gabriel Oliuo
Now in RF: Brian MacIntosh
Batting: SHB Wayne Matthews 0-0: Foul Ball, location: 2F
0-1: Ball
1-1: Ball
2-1: Foul Ball, location: 2F
2-2: Foul Ball, location: 2F
2-2: Ball
3-2: Base on Balls
Pinch Hitting: RHB Gabriel Erwin 0-0: Called Strike
0-1: Foul Ball, location: 2F
0-2: Ball
1-2: Foul Ball, location: 2F
1-2: Ball
Wayne Matthews steals 2nd base
2-2: Ball
3-2: Base on Balls
Batting: RHB Félix Gonzáles 0-0: Fly out, F8 (Flyball, 8RM)
Batting: LHB Richard Hinkle 0-0: Ball
1-0: Fly out, F8 (Line Drive, 78M)
Batting: RHB Oliver Todd 0-0: Called Strike
0-1: DOUBLE (Flyball, 8RD)
Wayne Matthews scores
Gabriel Erwin to third
Batting: RHB Hubert MacDonald 0-0: Ball
1-0: Ball
2-0: Ball
3-0: Base on Balls
Batting: RHB Rusty Bennett 0-0: Swinging Strike
0-1: Fly out, F8 (Flyball, 8RS)
Bottom of the 7th over - 1 run(s), 1 hit(s), 0 error(s), 3 left on base; Montgomery 6 - Wichita 6
TOP OF THE 8TH
Montgomery Biscuits batting - Pitching for Wichita Wranglers : LHP Fred Villa
Now in CF: Gabriel Erwin
Batting: RHB Bob McDonald 0-0: Ball
1-0: Foul Ball, location: 2F
1-1: SINGLE (Flyball, 89S)
Batting: SHB Jack Estes 0-0: SINGLE (Groundball, 6MD)
Bob McDonald to second
Runner from 2nd tries for 3rd, OUT!
Jack Estes to second
Batting: RHB Roy Ayers 0-0: Ball
1-0: Ball
2-0: Foul Ball, location: 2F
2-1: Foul Ball, location: 2F
2-2: Ball
3-2: Ground out 6-3 (Groundball, 6)
Batting: RHB Rusty Downy 0-0: Ball
1-0: Called Strike
1-1: Ball
2-1: Swinging Strike
2-2: Foul Ball, location: 2F
2-2: Foul Ball, location: 2F
2-2: Fly out, F9 (Flyball, 9S)
Top of the 8th over - 0 run(s), 2 hit(s), 0 error(s), 1 left on base; Montgomery 6 - Wichita 6
BOTTOM OF THE 8TH
Wichita Wranglers batting - Pitching for Montgomery Biscuits : RHP Gabriel Oliuo
Pitching: RHP Michel Dallaire
Pinch Hitting: SHB José López 0-0: Ball
1-0: Called Strike
1-1: Ball
2-1: Ball
3-1: Base on Balls
Batting: RHB José López 0-0: Called Strike
0-1: Foul Ball, location: 2F
0-2: Fly out, F8 (Flyball, 8LD)
Batting: SHB Wayne Matthews 0-0: Ball
1-0: Ball
2-0: Foul Ball, location: 2F
2-1: Ball
3-1: Reached on error, E3 (Popup, 3S)
José López to second
Batting: RHB Gabriel Erwin 0-0: Called Strike
0-1: Ball
1-1: Ball
2-1: Grounds into double play, 5-4-3 (Groundball, 56)
Bottom of the 8th over - 0 run(s), 0 hit(s), 1 error(s), 1 left on base; Montgomery 6 - Wichita 6
TOP OF THE 9TH
Montgomery Biscuits batting - Pitching for Wichita Wranglers : LHP Fred Villa
Pitching: RHP Todd Brewster
Now in LF: José López
Batting: RHB Glen MacDonald 0-0: Called Strike
0-1: Swinging Strike
0-2: Strikes out looking
Batting: LHB Brian MacIntosh 0-0: Ground out 3-1 (Groundball, 34S)
Batting: SHB Lawrence Farley 0-0: Called Strike
0-1: Foul Ball, location: 2F
0-2: Ball
1-2: Ball
2-2: Strikes out swinging
Top of the 9th over - 0 run(s), 0 hit(s), 0 error(s), 0 left on base; Montgomery 6 - Wichita 6
BOTTOM OF THE 9TH
Wichita Wranglers batting - Pitching for Montgomery Biscuits : RHP Michel Dallaire
Batting: RHB Félix Gonzáles 0-0: Ball
1-0: Ball
2-0: Swinging Strike
2-1: Foul Ball, location: 2F
2-2: Strikes out swinging
Batting: LHB Richard Hinkle 0-0: Called Strike
0-1: Ball
1-1: Ball
2-1: DOUBLE (Flyball, 7LM)
Batting: RHB Oliver Todd 0-0: Intentional Walk
Batting: RHB Hubert MacDonald 0-0: Ball
1-0: Called Strike
1-1: Ball
2-1: Ball
3-1: Foul Ball, location: 2F
3-2: Strikes out swinging
Batting: RHB Rusty Bennett 0-0: Ball
1-0: Ball
2-0: Foul Ball, location: 2F
2-1: Swinging Strike
2-2: Ball
3-2: Strikes out swinging
Bottom of the 9th over - 0 run(s), 1 hit(s), 0 error(s), 2 left on base; Montgomery 6 - Wichita 6
TOP OF THE 10TH
Montgomery Biscuits batting - Pitching for Wichita Wranglers : RHP Todd Brewster
Pinch Hitting: LHB Bob Jones 0-0: Called Strike
0-1: DOUBLE (Flyball, 9LD)
Batting: RHB Jerry Johnston 0-0: Foul Ball, location: 2F
0-1: Called Strike
0-2: Strikes out swinging
Batting: RHB Bob McDonald 0-0: Ball
1-0: Fly out, F2 (Popup, 3S)
Batting: SHB Jack Estes 0-0: Ball
1-0: Ball
2-0: Ball
3-0: Called Strike
3-1: Base on Balls
Batting: RHB Roy Ayers 0-0: Called Strike
0-1: Swinging Strike
0-2: Foul Ball, location: 2F
0-2: Ball
1-2: Ball
2-2: Strikes out swinging
Top of the 10th over - 0 run(s), 1 hit(s), 0 error(s), 2 left on base; Montgomery 6 - Wichita 6
BOTTOM OF THE 10TH
Wichita Wranglers batting - Pitching for Montgomery Biscuits : RHP Michel Dallaire
Now at C: Wilson Bray
Batting: SHB José López 0-0: Ball
1-0: Ball
2-0: Called Strike
2-1: TRIPLE (Line Drive, 9LD)
Pitching: RHP Clancy Steele
Pinch Hitting: RHB Santiago Morales 0-0: Called Strike
0-1: Ball
1-1: Called Strike
1-2: Ball
2-2: Ball
3-2: SINGLE (Groundball, 4D)
José López scores
Tuesday, August 8th, 2017 - OOTP Baseball 17.12 Build 75